 Dungeon Crawl Stone Soup version 0.30-a0-802-gb92711bcdf (webtiles) character file.

Game seed: 13515977712524945067

180 zenocrate the Ruffian (level 5, 20/45 HPs)
             Began as a Ghoul Monk on Aug 26, 2022.
             Quit the game on level 3 of the Dungeon on Feb 25, 2023.
             The game lasted 00:04:25 (1673 turns).

zenocrate the Ruffian (Ghoul Monk)                  Turns: 1673, Time: 00:04:25

Health: 20/45      AC:  8    Str: 17    XL:     5   Next: 60%
Magic:  5/5        EV:  7    Int:  5    God:
Gold:   88         SH:  0    Dex: 11    Spells: 6/6 levels left

rFire   . . .      SeeInvis .      - Unarmed
rCold   + . .      Faith    .    (no shield)
rNeg    + + +      Spirit   .    k - +0 chain mail
rPois   ∞          Reflect  .    (no helmet)
rElec   .          Harm     .    (no cloak)
rCorr   .          Rampage  .    (no gloves)
Will    .....                    (no boots) Stlth
                                 g - amulet of magic regeneration
HPRegen 0.27/turn                e - ring of flight
MPRegen 0.49/turn                (no ring)

@: flying
A: claws 1, cold resistance 1, negative energy resistance 3, inhibited
regeneration, torment resistance 2, devour on kill
a: no special abilities


You were on level 3 of the Dungeon.
You visited 1 branch of the dungeon, and saw 3 of its levels.

You collected 88 gold pieces.

Inventory:

Armour
 k - a +0 chain mail (worn)
Jewellery
 e - a ring of flight (left claw)
 g - an amulet of magic regeneration (around neck)
Scrolls
 a - a scroll of amnesia {unknown}
 c - 2 scrolls of enchant armour {unknown}
 d - a scroll of fog {unknown}
 i - 2 scrolls of noise {unknown}
Potions
 f - 2 potions of curing {unknown}
 h - a potion of flight {unknown}
 j - a potion of attraction {unknown}
 l - a potion of brilliance {unknown}


   Skills:
 - Level 3.5 Fighting
 - Level 2.6 Dodging
 - Level 2.1 Stealth
 + Level 6.2 Unarmed Combat
 - Level 1.2 Spellcasting


You had 6 spell levels left.
You didn't know any spells.
Your spell library contained the following spells:

 Spells                   Type           Power      Damage    Failure   Level
 Confusing Touch          Hex            0%         N/A       100%        3
 Gell's Gravitas          Tloc           0%         N/A       100%        3
 Teleport Other           Tloc           0%         N/A       100%        3
 Yara's Violent Unravell  Hex/Tmut       0%         3d3       100%        5
 Dispersal                Tloc           0%         N/A       100%        6
 Enfeeble                 Hex            0%         N/A       100%        7


Dungeon Overview and Level Annotations

Branches:
Dungeon (3/15)

Altars:

Shops:
D:2 !


Innate Abilities, Weirdness & Mutations

You are immune to poison.
You have sharp fingernails.
Your flesh is cold resistant. (rC+)
You are immune to negative energy. (rN+++)
You do not regenerate when monsters are visible.
You are immune to unholy pain and torment.
You thrive by killing the living.


Message History

You scratch the water moccasin but do no damage.
The water moccasin is severely wounded.
The water moccasin bites you.
You scratch the water moccasin.
The water moccasin is almost dead.
The water moccasin bites you but does no damage.
The water moccasin bites you.
You claw the water moccasin!
You kill the water moccasin!
Your Unarmed Combat skill gained 2 levels and is now at level 6!
You have reached level 5!
You feel stronger.
You closely miss the adder. The adder closely misses you.
The adder completely misses you.
You closely miss the adder. The adder bites you but does no damage.
You barely miss the adder. The adder barely misses you.
You scratch the adder.
The adder is moderately wounded.
The adder bites you but does no damage.
You miss the adder.
The adder is moderately wounded.
The adder barely misses you.
You closely miss the adder.
The adder is moderately wounded.
The adder bites you but does no damage. The adder bites you.
You closely miss the adder.
The adder is moderately wounded.
The adder barely misses you.
You miss the adder.
The adder is lightly wounded.
The adder bites you.
You claw the adder!
You kill the adder!
You see here an adder corpse.
Saving game... please wait.
Welcome back, zenocrate the Ghoul Monk.
Press ? for a list of commands and other information.
Okay, then.
Unknown command.
Are you sure you want to abandon this character and quit the game? (Confirm with "yes".)

#.#..... #####.#.....
#........... #...........
. #........... ..#
#####.......#### .=SS
#.....)..<#.####
#.#..#####.####..........
#.......@..# #..........
#.#.....#### #......)...
###....# #..........
###..# #.....##### ....
####.## ####. #.# .# #. #
..


There were no monsters in sight!

Vanquished Creatures
  A water moccasin (D:3)
  2 adders
  A worm (D:2)
  2 dart slugs
  7 endoplasms
  7 goblins
  5 hobgoblins
  7 jackals (D:1)
  2 quokkas
  A ball python (D:2)
  6 bats
  3 frilled lizards (D:2)
  3 kobolds
  2 rats (D:1)
49 creatures vanquished.

Notes
Turn   | Place    | Note
-------+----------+-------------------------------------------
     0 | D:1      | zenocrate the Ghoul Monk began the quest for the Orb.
     0 | D:1      | Reached XP level 1. HP: 19/19 MP: 0/0
   214 | D:1      | Reached XP level 2. HP: 25/26 MP: 1/1
   361 | D:1      | Upgraded the game from 0.30-a0-23-ge60ba3568b to
                  | 0.30-a0-29-g142975f185
   399 | D:1      | Reached skill level 4 in Unarmed Combat
   446 | D:1      | Reached XP level 3. HP: 31/31 MP: 2/2
  1016 | D:2      | Reached skill level 1 in Spellcasting
  1021 | D:2      | Reached XP level 4. HP: 38/38 MP: 4/4
  1271 | D:2      | Found Uhackoh's Distillery.
  1370 | D:2      | Found a faded altar of an unknown god.
  1627 | D:3      | Noticed a water moccasin
  1662 | D:3      | Killed a water moccasin
  1663 | D:3      | Reached skill level 6 in Unarmed Combat
  1663 | D:3      | Reached XP level 5. HP: 23/45 MP: 5/5
  1673 | D:3      | Upgraded the game from 0.30-a0-29-g142975f185 to
                  | 0.30-a0-802-gb92711bcdf
  1673 | D:3      | Quit the game

Illustrated notes

Levels and vault maps discovered:
D:1:      lightli_arrival_statuegarden, layout_basic, minmay_box_of_dots
D:2:      layout_rooms, shapermc_ecumenical_altar_totnotflames, serial_shops,
          nicolae_shop_behind_doors, item_on_display_a
D:3:      layout_basic, kennysheep_cross_bottleneck

Skill      XL: |  1  2  3  4 |
---------------+-------------+-----
Unarmed Combat | 4 6 |  6.2
Spellcasting   | 1 |  1.2
Fighting       | |  3.5
Dodging        | |  2.6
Stealth        | |  2.1

Action                     |  1- 3 |  4- 6 || total
---------------------------+-------+-------++-------
  Melee: Unarmed           |   127 |    55 ||   182
         Punch             |     3 |     1 ||     4
    Use: Potion            |       |     1 ||     1
   Stab: Sleeping          |     1 |       ||     1
 Armour: Ring mail         |    41 |     3 ||    44
         Robe              |     5 |       ||     5
         Chain mail        |       |    16 ||    16
  Dodge: Dodged            |    84 |    24 ||   108

Table legend: (Time is in decaauts)
 A = Elapsed time spent in this place.
 B = Non-inter-level travel time spent in this place.
 C = Inter-level travel time spent in this place.
 D = Time resting spent in this place.
 E = Time spent auto-exploring this place.
 F = Levels seen in this place.
 G = Mean time per level.
                   A        B        C        D        E       F      G
               +--------+--------+--------+--------+--------+-----+--------+
         Total |   1657 |   1641 |     16 |      0 |   1214 |   3 |  552.3 |
       Dungeon |   1657 |   1641 |     16 |      0 |   1214 |   3 |  552.3 |
               +--------+--------+--------+--------+--------+-----+--------+

Top non-repeatable levels by time:
     D:1: 917 daAuts
     D:2: 651 daAuts
     D:3: 89 daAuts
